 Dungeon Crawl Stone Soup version 0.23-a0-333-g006994f (webtiles) character file.

42 Faust the Conjurer (level 3, 0/28 HPs)
             Began as a Deep Elf Conjurer on Oct 17, 2018.
             Slain by a goblin
             ... wielding a +0 spear
             ... led by Robin
              (4 damage)
             ... on level 2 of the Dungeon.
             The game lasted 00:08:00 (770 turns).

Faust the Conjurer (Deep Elf Conjurer)               Turns: 770, Time: 00:08:00

Health: 0/28       AC:  5    Str: 10    XL:     3   Next: 33%
Magic:  1/9        EV: 13    Int: 20    God:
Gold:   21         SH:  0    Dex: 15    Spells: 5/8 levels left

rFire    . . .     SeeInvis .   l - +0 dagger
rCold    . . .     Gourm    .   (no shield)
rNeg     . . .     Faith    .   a - +0 robe
rPois    .         Spirit   .   (no helmet)
rElec    .         Reflect  .   (no cloak)
rCorr    .         Harm     .   (no gloves)
MR       .....                  g - +2 pair of boots
Stlth    ..........             (no amulet)
HPRegen  0.09/turn              (no ring)
MPRegen  0.11/turn              (no ring)

@: berserking (expiring), very quick
A: no striking features
a: no special abilities


You were on level 2 of the Dungeon.
You were not hungry.

You visited 1 branch of the dungeon, and saw 2 of its levels.

You collected 21 gold pieces.

Inventory:

Hand Weapons
 l - a +0 dagger (weapon)
Armour
 a - a +0 robe (worn)
 g - a +2 pair of boots (worn)
Scrolls
 b - a scroll of identify {unknown}
 i - a scroll of enchant armour
 k - a scroll of remove curse
Potions
 e - a potion of heal wounds {unknown}
 f - a potion of curing {unknown}
 j - a potion of mutation {unknown}
 o - 2 potions of brilliance {unknown}
Comestibles
 c - 4 rations


   Skills:
 + Level 0.3 Short Blades
 + Level 2.6 Dodging
 + Level 2.8 Stealth
 + Level 3.3 Spellcasting
 + Level 5.2 Conjurations


You had 5 spell levels left.
You knew the following spells:

 Your Spells              Type           Power        Failure   Level  Hunger
a - Magic Dart            Conj           ###.         1%          1    None
b - Searing Ray           Conj           ###...       2%          2    ##.....

Your spell library contained the following spells:

 Spells                   Type           Power        Failure   Level  Hunger
 Dazzling Spray           Conj/Hex       ##....       14%         3    ###....
 Iskenderun's Mystic Bla  Conj           ###.....     16%         4    ####...
 Force Lance              Conj/Tloc      ##......     43%         4    ####...
 Fulminant Prism          Conj/Hex       ##........   43%         4    ####...


Dungeon Overview and Level Annotations

Branches:
Dungeon (2/15)

Altars:


Message History

Robin roars a battlecry!
The goblins go into a battle-frenzy!
There is an open door here.
Things that are here:
a +0 club; an animal skin You miss the goblin.
The goblin barely misses you.
You hit the goblin.
You kill the goblin!
The goblin closely misses you.
You puncture Robin!
Robin is severely wounded.
Robin barely misses you.
You hit Robin.
You kill Robin!
The goblin hits you from afar with a +0 spear.
* * * LOW HITPOINT WARNING * * *
You puncture the hobgoblin!
You kill the hobgoblin!
The goblin hits you from afar with a +0 spear.
You die...

)## #.........# *,*,*****,* .#
######.#### *,*,* *,* )# #.#
*,*,*** *,* .# ##†## *,,,,,*
*,* †# ##...## ***,#,# *,* .#*
##.....## *##.#.#**,* #.**
##.......## ##.#....,,,*
...####.........####...##,*****
......'........)@)..<...#,*
...####.......g.####....#,*
,,** ##.......## #.###..# ,**
##.....## #.# *,,# ,* ##...##
#.#**,** ,* ##'## ##.,,**
,***** #.* *#,** ,,,,,*
#,**********,* ,***,*
**,,,,,,,,,**,*


You could see a goblin.

Vanquished Creatures
  Robin (D:2)
  A worm (D:2)
  A giant cockroach (D:1)
  5 goblins
  7 hobgoblins
  4 jackals (D:2)
  3 frilled lizards (D:1)
  A kobold (D:1)
  2 rats (D:1)
25 creatures vanquished.

Notes
Turn   | Place    | Note
-------+----------+-------------------------------------------
     0 | D:1      | Faust the Deep Elf Conjurer began the quest for the Orb.
     0 | D:1      | Reached XP level 1. HP: 10/10 MP: 6/6
   392 | D:1      | Reached XP level 2. HP: 14/15 MP: 6/8
   396 | D:1      | Learned a level 2 spell: Searing Ray
   568 | D:2      | Reached skill level 5 in Conjurations
   759 | D:2      | Noticed Robin
   764 | D:2      | Reached XP level 3. HP: 10/19 MP: 1/9
   769 | D:2      | Killed Robin
   770 | D:2      | Slain by a goblin

Vault maps used:
D:1:      minmay_arrival_cross, solitary_fountain
D:2:      amethyst_overflow_temple_binary, cheibriados_altar_1, uniq_robin

Skill      XL: |  1  2 |
---------------+-------+-----
Conjurations   | 5 |  5.2
Short Blades   | |  0.3
Dodging        | |  2.6
Stealth        | |  2.8
Spellcasting   | |  3.3

Action                   || total
-------------------------++-------
Melee: Dagger            ||    28
 Cast: Magic Dart        ||    20
       Searing Ray       ||     5
  Use: Scroll            ||     6
       Potion            ||     1
 Stab: Sleeping          ||     1
Armor: Robe              ||     3
Dodge: Dodged            ||    20

Table legend:
 A = Non-vault XP
 B = Vault XP
 C = Vault XP percentage of total XP
 D = Non-vault monster count
 E = Vault monster count
 F = Vault count percentage of total count
                 A         B        C        D         E       F
            +---------+---------+-------+---------+---------+-------
      Total |      27 |      33 |  55.0 |      15 |      10 |  40.0
            +---------+---------+-------+---------+---------+-------
        D:1 |      12 |       0 |   0.0 |       9 |       0 |   0.0
        D:2 |      15 |      33 |  68.8 |       6 |      10 |  62.5
            +---------+---------+-------+---------+---------+-------
